 Dungeon Crawl Stone Soup version 0.15.2 (webtiles) character file.

12486 bwiles81 the Fighter (level 11, -8/131 HPs)
             Began as an Ogre Fighter on Feb 19, 2015.
             Was a High Priest of Okawaru.
             Mangled by a death yak simulacrum (11 damage)
             ... in an ice cave.
             The game lasted 00:39:26 (14567 turns).

bwiles81 the Fighter (Ogre Fighter)                Turns: 14567, Time: 00:39:26

HP  -8/131       AC 10     Str 23      XL: 11   Next: 94%
MP  20/20        EV 17     Int  7      God: Okawaru [*****.]
Gold 827         SH 11     Dex 12      Spells:  0 memorised, 10 levels left

rFire  + + .     SeeInvis +     h - +4 mace
rCold  + . .     Clarity  +     E - +0 steam dragon armour
rNeg   . . .     rCorr    +     c - +0 shield
rPois  +         rRot     .     t - +2 hat {SInv}
rElec  +         Spirit   .     (no cloak)
SustAb .         Warding  .     (gloves unavailable)
rMut   .         Stasis   .     (boots unavailable)
Gourm  .                        j - amulet of clarity
MR     +....                    r - ring of protection from fire
                                p - +2 ring of evasion

@: about to teleport, resistant, heroism, somewhat resistant to hostile
enchantments, unstealthy
A: unfitting armour, tough skin 1
a: Heroism, Finesse, Renounce Religion


You were in an ice cave.
You worshipped Okawaru.
Okawaru was extremely pleased with you.
You were not hungry.

You visited 3 branches of the dungeon, and saw 14 of its levels.
You also visited: Ice Cave.

You collected 827 gold pieces.

Inventory:

Hand weapons
 h - a +4 mace (weapon)
Armour
 c - a +0 shield (worn)
 t - a +2 hat of see invisible (worn)
 E - a +0 steam dragon armour (worn)
Magical devices
 e - a wand of fireball (5)
Comestibles
 d - 7 meat rations
 f - a royal jelly
 g - a beef jerky
 v - 9 bread rations
Scrolls
 u - 5 scrolls of remove curse
 w - 4 scrolls of teleportation
 y - 2 scrolls of recharging
 z - a scroll of silence
 F - 2 scrolls of amnesia
 J - a scroll of magic mapping
Jewellery
 a - an uncursed ring of regeneration
 b - an uncursed ring of poison resistance
 j - an amulet of clarity (around neck)
 m - an uncursed amulet of resist mutation
 o - an uncursed amulet of resist corrosion
 p - a +2 ring of evasion (left hand)
 r - a ring of protection from fire (right hand)
Potions
 i - 3 potions of brilliance
 l - 2 potions of invisibility
 n - 2 potions of heal wounds
 q - a potion of curing
 x - a potion of mutation
 A - 2 potions of flight
 B - 2 potions of resistance
 D - a potion of cancellation
 G - a potion of porridge
 H - 2 potions of agility


   Skills:
 * Level 14.5(19.5) Fighting
 + Level 10.4(15.4) Maces & Flails
 + Level 6.5(11.5) Armour
 + Level 7.8(12.8) Dodging
 - Level 2.6(7.6) Shields
 + Level 5.6 Evocations


You had 10 spell levels left.
You didn't know any spells.

Dungeon Overview and Level Annotations

Branches:
Dungeon (9/15)             Temple (1/1) D:6            Lair (4/8) D:9
    Orc: D:9-12       Swamp: Lair:3-6    Shoals: Lair:3-6     Snake: Lair:3-6
 Spider: Lair:3-6

Altars:
Ashenzari
Cheibriados
Dithmenos
Elyvilon
Fedhas
Kikubaaqudgha
Makhleb
Nemelex Xobeh
Okawaru
Qazlal
Sif Muna
Trog

Shops:
D:4 =   D:5 [([


Innate Abilities, Weirdness & Mutations

You are too large for most types of armour.
You have tough skin (AC +1).


Message History

The death yak simulacrum gores you! The death yak simulacrum freezes you!!
* * * LOW HITPOINT WARNING * * *
Drink which item? (? for menu, Esc to quit)
You feel protected.
The death yak simulacrum closely misses you.
You block the death yak simulacrum's attack.
Drink which item? (? for menu, Esc to quit)
You feel much better.
The death yak simulacrum gores you but does no damage.
You block the death yak simulacrum's attack.
Read which item? (? for menu, Esc to quit)
As you read the scroll of teleportation, it crumbles to dust.
You feel strangely unstable. The death yak simulacrum gores you.
* * * LOW HITPOINT WARNING * * *
The death yak simulacrum freezes you! You resist.
* * * LOW HITPOINT WARNING * * *
The death yak simulacrum gores you.
* * * LOW HITPOINT WARNING * * *
The death yak simulacrum freezes you! You resist.
You die...

#####
##...##
##..∩..##
#.......#
#...@...#
##.ZZZ.##
##...##
#Z..#
...##
#...#
##...
##.. ##.


You could see 3 death yak simulacra and a swamp dragon simulacrum.

Vanquished Creatures
  Gastronok (D:8)
  A lindwurm (Lair:4)
  A griffon (Lair:1)
  A black mamba (Lair:3)
  The ghost of Ljcope the Thaumaturge, an experienced DEWz of Sif Muna (D:6)
  3 komodo dragons (Lair:3)
  6 spiny frogs
  3 blink frogs (Lair:2)
  15 yaks
  A human (D:8)
  A wolf (Lair:2)
  4 water moccasins
  2 hippogriffs
  A steam dragon (D:9)
  3 porcupines
  An ice beast (D:7)
  2 ogres
  A sky beast (D:5)
  A black bear (Lair:2)
  A crocodile (Lair:2)
  12 giant frogs
  Sigmund (D:2)
  2 centaurs
  Blork the orc (D:7)
  A wyvern skeleton (D:8)
  9 wights
  A goliath beetle (D:8)
  A crimson imp (D:6)
  A quasit (D:8)
  3 hounds
  A gnoll shaman (D:9)
  2 orc wizards
  8 iguanas
  3 sheep (D:8)
  4 orc priests
  An orange rat (D:9)
  A killer bee zombie (D:9)
  9 worker ants
  Ijyb (D:5)
  3 gnolls (D:9)
  8 adders
  23 green rats
  2 giant mites (D:4)
  3 worms
  An iguana skeleton (D:4)
  An adder skeleton (D:7)
  7 giant geckos
  23 orcs
  A bat skeleton (D:8)
  A bat zombie (D:6)
  6 giant cockroaches
  13 goblins
  12 hobgoblins
  3 jackals (D:7)
  8 quokkas
  4 ball pythons
  10 bats
  6 giant newts
  14 kobolds
  2 orc skeletons
  15 rats
  A rat skeleton (D:6)
  A rat zombie (D:8)
280 creatures vanquished.

Vanquished Creatures (others)
  A plant (D:5)
1 creature vanquished.

Grand Total: 281 creatures vanquished

Notes
Turn   | Place    | Note
--------------------------------------------------------------
     0 | D:1      | bwiles81, the Ogre Fighter, began the quest for the Orb.
     0 | D:1      | Reached XP level 1. HP: 24/24 MP: 1/1
   493 | D:1      | Reached XP level 2. HP: 30/33 MP: 2/2
   829 | D:2      | Noticed Sigmund
   837 | D:2      | HP: 1/33 [something (2)]
   841 | D:2      | Killed Sigmund
   841 | D:2      | Reached skill level 5 in Fighting
   841 | D:2      | Reached skill level 1 in Armour
   841 | D:2      | Reached XP level 3. HP: 2/42 MP: 3/3
   841 | D:2      | Reached XP level 4. HP: 2/50 MP: 4/4
  1450 | D:3      | Found a stormy altar of Qazlal.
  1477 | D:3      | Reached XP level 5. HP: 49/57 MP: 5/5
  2094 | D:4      | Noticed an ogre
  2100 | D:4      | Killed an ogre
  2100 | D:4      | Reached skill level 6 in Fighting
  2100 | D:4      | Reached XP level 6. HP: 67/67 MP: 6/6
  2651 | D:4      | Reached skill level 7 in Fighting
  2652 | D:4      | Reached XP level 7. HP: 31/78 MP: 7/7
  2657 | D:4      | Identified a +0 rod of inaccuracy (13/13) (You found it on level 4 of the Dungeon)
  2812 | D:4      | Found Cueciat's Jewellery Shoppe.
  2950 | D:5      | Entered Level 5 of the Dungeon
  3014 | D:5      | Found Zocopap's Weapon Boutique.
  3037 | D:5      | Found Toarui's Armour Boutique.
  3070 | D:5      | Found Bojila's Armour Shop.
  3148 | D:5      | Noticed Ijyb
  3160 | D:5      | Killed Ijyb
  3160 | D:5      | Reached skill level 5 in Maces & Flails
  3632 | D:5      | Reached skill level 8 in Fighting
  3875 | D:6      | Reached XP level 8. HP: 35/89 MP: 8/8
  3879 | D:6      | Noticed Ljcope's ghost (experienced DEWz)
  4393 | D:6      | Found a snail-covered altar of Cheibriados.
  4396 | D:6      | Found a bloodstained altar of Trog.
  4398 | D:6      | Found a shadowy altar of Dithmenos.
  4399 | D:6      | Found a sparkling altar of Nemelex Xobeh.
  4402 | D:6      | Found an ancient bone altar of Kikubaaqudgha.
  4548 | D:6      | Reached skill level 9 in Fighting
  4588 | D:6      | Killed Ljcope's ghost
  4588 | D:6      | Reached skill level 5 in Dodging
  5392 | D:6      | Found a staircase to the Ecumenical Temple.
  5403 | Temple   | Entered the Ecumenical Temple
  5421 | Temple   | Became a worshipper of Warmaster Okawaru
  5584 | D:7      | Reached skill level 10 in Fighting
  5584 | D:7      | Reached skill level 1 in Evocations
  5584 | D:7      | Reached XP level 9. HP: 92/101 MP: 8/10
  5702 | D:7      | Noticed Blork the orc
  5731 | D:7      | Killed Blork the orc
  6990 | D:8      | Noticed Gastronok
  7008 | D:8      | Killed Gastronok
  7008 | D:8      | Acquired Okawaru's first power
  7008 | D:8      | Reached skill level 11 in Fighting
  7008 | D:8      | Reached XP level 10. HP: 85/115 MP: 11/14
  7534 | D:8      | Reached skill level 12 in Fighting
  7809 | D:9      | Found a staircase to the Lair.
  8146 | D:9      | Reached skill level 5 in Armour
  8308 | D:9      | Found an iron altar of Okawaru.
  9501 | Lair:1   | Entered Level 1 of the Lair of Beasts
 10620 | Lair:2   | Noticed a griffon
 10792 | Lair:1   | Reached skill level 13 in Fighting
 10987 | Lair:1   | Killed a griffon
 10997 | Lair:1   | Reached XP level 11. HP: 54/127 MP: 15/18
 12458 | Lair:2   | Reached skill level 5 in Evocations
 12951 | Lair:2   | Acquired Okawaru's second power
 12951 | Lair:2   | Reached skill level 14 in Fighting
 13188 | Lair:3   | Reached skill level 10 in Maces & Flails
 13777 | Lair:3   | Received a gift from Okawaru
 14533 | Lair:4   | Noticed a lindwurm
 14535 | Lair:4   | Found a frozen archway.
 14546 | Lair:4   | Killed a lindwurm
 14557 | IceCv    | Entered an ice cave
 14564 | IceCv    | HP: 6/131 [death yak simulacrum (34)]
 14567 | IceCv    | Mangled by a death yak simulacrum

Action                   |  1- 3 |  4- 6 |  7- 9 | 10-12 || total
-------------------------+-------+-------+-------+-------++-------
Melee: Mace              |    39 |   198 |   344 |   613 ||  1194
       Flail             |     7 |       |       |       ||     7
Invok: Heroism           |       |       |       |     5 ||     5
Evoke: Wand              |       |     1 |    16 |     1 ||    18
       Rod               |       |       |     4 |       ||     4
  Use: Potion            |     1 |     1 |    13 |     7 ||    22
       Scroll            |       |     8 |     6 |     7 ||    21
 Stab: Sleeping          |       |     1 |       |       ||     1
  Eat: Chunk             |       |     7 |    11 |     6 ||    24
       Pizza             |       |       |     2 |     8 ||    10
       Fruit             |       |       |     3 |       ||     3
       Beef jerky        |       |       |     1 |     5 ||     6
       Bread ration      |       |       |     1 |       ||     1
